 Dungeon Crawl Stone Soup version 0.27.1-4-g1640c2035a (webtiles) character file.

Game seed: 1915640117297699325

7655 Araneus the Basher (level 10, -3/76 HPs)
             Began as a Demonspawn Fighter on Nov 15, 2021.
             Was a High Priest of Okawaru.
             Killed by nerve-wracking pain
             ... invoked by an orc priest
              (12 damage)
             ... on level 9 of the Dungeon.
             The game lasted 00:29:13 (10911 turns).

Araneus the Basher (Demonspawn Fighter)            Turns: 10911, Time: 00:29:13

Health: -3/76      AC: 29    Str: 19    XL:     10   Next: 99%
Magic:  12/12      EV:  3    Int:  9    God:    Okawaru [*****.]
Gold:   475        SH: 10    Dex: 14    Spells: 9/9 levels left

rFire    . . .     SeeInvis +   j - +2 flail (protect)
rCold    . . .     Faith    .   c - +0 kite shield
rNeg     . . .     Spirit   .   C - +0 plate armour
rPois    .         Reflect  .   g - +0 helmet
rElec    .         Harm     .   n - +0 cloak
rCorr    .         Rampage  .   u - +0 pair of gloves
Will     .....                  z - +0 pair of boots
Stlth    ..........             (no amulet)
HPRegen  1.22/turn              h - ring of see invisible
MPRegen  0.13/turn              b - +4 ring of protection

@: under a protective aura
A: claws 1, rugged brown scales 2, powered by death 1
a: Renounce Religion, Heroism, Finesse


You were on level 9 of the Dungeon.
You worshipped Okawaru.
Okawaru was extremely pleased with you.
You visited 2 branches of the dungeon, and saw 10 of its levels.

You collected 587 gold pieces.
You spent 112 gold pieces at shops.

Inventory:

Hand Weapons
 i - a +1 whip of electrocution
 j - a +2 flail of protection (weapon)
Missiles
 e - 18 boomerangs
 p - a throwing net
 y - 20 poisoned darts (quivered)
 A - a curare-tipped dart
 B - 5 javelins
Armour
 c - a +0 kite shield (worn)
 g - a +0 helmet (worn)
 n - a +0 cloak (worn)
 u - a +0 pair of gloves (worn)
 z - a +0 pair of boots (worn)
 C - a +0 plate armour (worn)
Jewellery
 b - a +4 ring of protection (right hand)
 h - a ring of see invisible (left hand)
 r - a ring of protection from cold
 w - a ring of ice
Wands
 m - a wand of acid (16)
Scrolls
 a - 3 scrolls of teleportation
 k - 3 scrolls of magic mapping
 l - 6 scrolls of identify
 o - a scroll of acquirement {unknown}
Potions
 d - 5 potions of curing
 f - a potion of attraction
 q - a potion of ambrosia
 s - a potion of brilliance {unknown}
 t - 2 potions of degeneration {unknown}
 v - 2 potions of lignification
 x - 5 potions of flight


   Skills:
 + Level 4.4 Fighting
 + Level 13.3 Maces & Flails
 * Level 4.1 Throwing
 + Level 3.2 Armour
 + Level 4.9 Shields
 * Level 3.3 Invocations


You had 9 spell levels left.
You didn't know any spells.
Your spell library contained the following spells:

 Spells                   Type           Power      Damage    Failure   Level
 Corona                   Hex            0%         N/A       100%        1
 Foxfire                  Conj/Fire      0%         2x1d4     100%        1
 Magic Dart               Conj           0%         1d3       100%        1
 Sandblast                Erth           0%         2d4       100%        1
 Sting                    Tmut/Pois      0%         1d3       100%        1
 Call Imp                 Summ           0%         N/A       100%        2
 Ensorcelled Hibernation  Hex/Ice        0%         N/A       100%        2
 Passwall                 Tmut/Erth      0%         N/A       100%        2
 Poisonous Vapours        Pois/Air       0%         N/A       100%        2
 Slow                     Hex            0%         N/A       100%        2
 Confusing Touch          Hex            0%         N/A       100%        3
 Conjure Flame            Conj/Fire      0%         6-21      100%        3
 Gell's Gravitas          Tloc           0%         N/A       100%        3
 Inner Flame              Hex/Fire       0%         N/A       100%        3
 Mephitic Cloud           Conj/Pois/Air  0%         N/A       100%        3
 Teleport Other           Tloc           0%         N/A       100%        3
 Tukima's Dance           Hex            0%         N/A       100%        3
 Vampiric Draining        Necr           0%         2d6       100%        3
 Olgreb's Toxic Radiance  Pois           0%         N/A       100%        4
 Lee's Rapid Deconstruct  Erth           0%         3d5*      100%        5
 Dispersal                Tloc           0%         N/A       100%        6


Dungeon Overview and Level Annotations

Branches:
Dungeon (9/15)             Temple (1/1) D:4
   Lair: D:8-11         Orc: D:9-12

Altars:
Ashenzari
Cheibriados
Dithmenos
Elyvilon
Fedhas
Gozag
Hepliaklqana
Kikubaaqudgha
Makhleb
Nemelex Xobeh
Okawaru
Qazlal
Ru
Sif Muna
Trog
Uskayaw
Vehumet
Wu Jian
Xom
Yredelemnul
Zin
The Shining One
Beogh

Shops:
D:2 *

Annotations:
D:3 1 transporter, Nuatha's ghost, amateur DsGl


Innate Abilities, Weirdness & Mutations

You have sharp fingernails.
You are mostly covered in rugged brown scales. (AC +2, +5% HP)
You regenerate a little health from kills.


Message History

You barely miss the orc warrior.
The orc warrior is almost dead.
The orc warrior hits you but does no damage.
The orc priest invokes the aid of Beogh against you.
Beogh smites you!
You sock the orc warrior!
You kill the orc warrior!
Okawaru accepts your kill.
The orc priest mumbles some strange prayers to Beogh against you.
Beogh smites you!
You are too injured to fight recklessly!
You are too injured to fight recklessly!
You are too injured to fight recklessly!
You are too injured to fight recklessly!
You are too injured to fight recklessly!
You sock the orc!
You kill the orc!
Okawaru accepts your kill.
The orc priest mumbles some strange prayers to Beogh against you.
Beogh smites you!
* * * LOW HITPOINT WARNING * * *
You hit the orc but do no damage. The orc hits you but does no damage.
You sock the orc!
You kill the orc!
Okawaru accepts your kill.
You barely miss the orc. You block the orc's attack.
Your shield and plate armour prevent you from hitting the orc.
The orc hits you but does no damage.
The orc priest calls down the wrath of Beogh upon you.
Beogh smites you!
* * * LOW HITPOINT WARNING * * *
You thump the orc!
You kill the orc!
Okawaru accepts your kill.
The orc priest calls down the wrath of Beogh upon you.
Beogh smites you!
* * * LOW HITPOINT WARNING * * *
The orc priest mumbles some strange prayers to Beogh against you.
Pain shoots through your body!
You die...

*,,,,,,* *,,,,,,*
*.,,,,,*
*..,,,,******#
*...,,,,,,,,.#
*,...,,**###.#
***#..,* #...*
#...###.##############
#...o@.>.......(..(..)
#...###'##############
###**#...# #....# #
#...# #....#
#...###....######
###.........)..).))
#....####....######
#.#####......#
#######.##.........#*


You could see an orc priest.

Vanquished Creatures
  2 two-headed ogres
  Prince Ribbit (D:9)
  A shadow (D:8)
  6 humans (D:7)
  A wraith (D:9)
  3 steam dragons
  A water moccasin (D:6)
  Purgy (D:3)
  An ice beast (D:7)
  6 orc warriors
  5 necrophages (D:6)
  A black bear (D:7)
  4 ogres
  2 centaurs
  A phantom (D:6)
  A kobold brigand (D:6)
  3 bullfrogs (D:7)
  2 scorpions (D:5)
  2 wyvern zombies
  A gnoll sergeant (D:8)
  A water moccasin skeleton (D:6)
  6 killer bees (D:6)
  2 centaur zombies (D:6)
  4 hounds
  2 bullfrog zombies (D:6)
  3 iron imps (D:5)
  4 jellies
  A bullfrog skeleton (D:5)
  11 orc priests
  Crazy Yiuf (D:2)
  A human zombie (D:6)
  An iguana (D:6)
  Ijyb (D:5)
  A scorpion zombie (D:5)
  19 orc wizards
  Terence (D:2)
  2 killer bee zombies
  A mummy (D:6)
  2 howler monkey zombies
  A howler monkey skeleton (D:7)
  6 adders
  11 gnolls
  A shadow imp (D:8)
  3 white imps
  An adder skeleton (D:4)
  3 worms
  A dart slug (D:3)
  53 orcs
  5 bats
  4 endoplasms
  6 giant cockroaches
  2 hobgoblins
  3 jackals (D:4)
  6 kobolds
  4 quokkas
  7 ball pythons
  6 frilled lizards
  7 goblins
  4 goblin skeletons (D:6)
  2 goblin zombies (D:6)
  A hobgoblin zombie (D:6)
  A kobold zombie (D:6)
  2 orc skeletons (D:6)
  An orc zombie (D:6)
  5 rats
255 creatures vanquished.

Vanquished Creatures (others)
  An orc wizard (D:9)
  An orc (D:7)
2 creatures vanquished.

Grand Total: 257 creatures vanquished

Notes
Turn   | Place    | Note
-------+----------+-------------------------------------------
     0 | D:1      | Araneus the Demonspawn Fighter began the quest for the Orb.
     0 | D:1      | Reached XP level 1. HP: 18/18 MP: 1/1
   316 | D:1      | Reached skill level 2 in Maces & Flails
   426 | D:1      | Found a faded altar of an unknown god.
   580 | D:1      | Gained mutation: You are partially covered in rugged brown
                  | scales. (AC +1, +3% HP) [demonic ancestry]
   580 | D:1      | Reached XP level 2. HP: 18/24 MP: 2/2
  1223 | D:2      | Reached skill level 3 in Maces & Flails
  1367 | D:2      | Reached XP level 3. HP: 29/29 MP: 3/3
  1387 | D:2      | Noticed Terence
  1392 | D:2      | Killed Terence
  1436 | D:2      | Gained mutation: You regenerate a little health from kills.
                  | [demonic ancestry]
  1436 | D:2      | Reached XP level 4. HP: 36/36 MP: 4/4
  1437 | D:2      | Reached skill level 4 in Maces & Flails
  1523 | D:2      | Found Jekaun's General Store.
  1531 | D:2      | Bought a potion of curing for 42 gold pieces
  1531 | D:2      | Bought a potion of heal wounds for 70 gold pieces
  1634 | D:2      | Found a runed translucent door.
  1635 | D:2      | Noticed Crazy Yiuf
  2141 | D:2      | Killed Crazy Yiuf
  2232 | D:3      | Noticed Purgy
  2253 | D:3      | Killed Purgy
  2254 | D:3      | Reached skill level 5 in Maces & Flails
  2254 | D:3      | Reached XP level 5. HP: 24/42 MP: 5/5
  2520 | D:3      | Reached XP level 6. HP: 40/48 MP: 6/6
  2582 | D:3      | Found a snail-covered altar of Cheibriados.
  2746 | D:3      | Found a shimmering blue altar of Sif Muna.
  3127 | D:3      | Found a transporter.
  3128 | D:3      | Noticed Nuatha's ghost (amateur DsGl)
  3372 | D:4      | Reached skill level 6 in Maces & Flails
  3536 | D:4      | Found a radiant altar of Vehumet.
  3810 | D:4      | Found a staircase to the Ecumenical Temple.
  3817 | Temple   | Entered the Ecumenical Temple
  3827 | Temple   | Became a worshipper of Warmaster Okawaru
  4477 | D:5      | Entered Level 5 of the Dungeon
  4494 | D:5      | Found a burning altar of Makhleb.
  4515 | D:5      | Reached skill level 7 in Maces & Flails
  4515 | D:5      | Gained mutation: You are mostly covered in rugged brown
                  | scales. (AC +2, +5% HP) [demonic ancestry]
  4515 | D:5      | Reached XP level 7. HP: 37/54 MP: 7/7
  4674 | D:5      | Noticed Ijyb
  4685 | D:5      | Killed Ijyb
  4809 | D:5      | Reached * piety under Okawaru
  4810 | D:5      | Reached skill level 8 in Maces & Flails
  5084 | D:5      | Gained mutation: You have sharp fingernails. [demonic
                  | ancestry]
  5084 | D:5      | Reached XP level 8. HP: 46/60 MP: 8/8
  5547 | D:5      | Found a broken altar of Ashenzari.
  5742 | D:6      | Reached skill level 9 in Maces & Flails
  6060 | D:6      | Reached ** piety under Okawaru
  6147 | D:6      | Reached skill level 10 in Maces & Flails
  6169 | D:6      | Found an ancient bone altar of Kikubaaqudgha.
  6500 | D:6      | Reached XP level 9. HP: 64/66 MP: 9/9
  6515 | D:6      | Reached skill level 11 in Maces & Flails
  7017 | D:6      | Reached *** piety under Okawaru
  7024 | D:6      | Found an opulent altar of Gozag.
  7146 | D:6      | Noticed a two-headed ogre
  7160 | D:6      | Killed a two-headed ogre
  7161 | D:6      | Reached skill level 12 in Maces & Flails
  7450 | D:7      | Reached skill level 1 in Throwing
  7730 | D:7      | Reached **** piety under Okawaru
  7742 | D:7      | Reached XP level 10. HP: 17/73 MP: 10/10
  9096 | D:8      | Reached skill level 13 in Maces & Flails
  9482 | D:8      | Found a blossoming altar of Fedhas.
  9544 | D:8      | Found a sparkling altar of Nemelex Xobeh.
  9940 | D:8      | Reached skill level 1 in Invocations
 10391 | D:9      | Reached ***** piety under Okawaru
 10578 | D:9      | Noticed Prince Ribbit
 10589 | D:9      | Killed Prince Ribbit
 10680 | D:9      | Noticed a two-headed ogre
 10701 | D:9      | Killed a two-headed ogre
 10719 | D:9      | Found a shadowy altar of Dithmenos.
 10911 | D:9      | Killed from afar by an orc priest

Illustrated notes

Levels and vault maps discovered:
D:1:      psy_arrival_spokes, layout_loops_ring,
          dreamdust_ecumenical_altar_sealed_demon, minmay_tetromino_i4
D:2:      layout_basic, serial_shops,
          nicolae_shop_temple_entry_statues_fountains, uniq_terence,
          uniq_crazy_yiuf_cottage
D:3:      cheibrodos_pilgrimage, layout_loops_corners,
          mainiacjoe_overflow_24_doors, kennysheep_slug_shrine,
          gammafunk_ghost_smash, uniq_purgy
D:4:      layout_basic, vehumet_crystals, temple_green, serial_glass,
          glass_columns_a, glass_columns_a, glass_columns_b, glass_columns_b,
          due_unseen_surprise, kennysheep_donut, minmay_box_of_dots
D:5:      layout_basic, demons_altar, kennysheep_mini_moat, st_stairs_1,
          bh_walls_and_bars, uniq_ijyb
D:6:      layout_cave_pods, lemuel_mausoleum_altar_kikubaaqudgha,
          nicolae_tso_besieged_by_evil, nicolae_gozag_seed_capital
D:7:      cheibrodos_steamvent, layout_cave_pods,
          nicolae_elyvilon_peaceful_grove, minmay_ruffians
D:8:      minmay_flawed_box, layout_loops_cross,
          mainiacjoe_overflow_six_doors_small,
          mainiacjoe_overflow_catwalk_spiral, corexii_leaking_fountain
D:9:      layout_basic, nicolae_dithmenos_through_a_glass_darkly, special_room
          [special_room_orc], uniq_prince_ribbit1
Temple:   compressed_dpeg_triangle_lava_temple

Skill      XL: |  1  2  3  4  5  6  7  8  9 10 |
---------------+-------------------------------+-----
Maces & Flails | 2 3 5 7 8 10 12 13 | 13.3
Throwing       | 1 4 |  4.1
Shields        | 3 4 |  4.9
Fighting       | 4 |  4.4
Invocations    | 3 |  3.3
Armour         | 3 |  3.2

Action                   |  1- 3 |  4- 6 |  7- 9 | 10-12 || total
-------------------------+-------+-------+-------+-------++-------
Melee: Flail             |    45 |       |       |   365 ||   410
       Whip              |    36 |   188 |   372 |    85 ||   681
Throw: Javelin           |       |       |     2 |    10 ||    12
       Dart              |       |       |     1 |    29 ||    30
Evoke: Wand              |       |       |    10 |       ||    10
  Use: Potion            |     1 |     4 |     5 |     2 ||    12
       Scroll            |       |       |    10 |     1 ||    11
Armor: Scale mail        |    39 |       |       |       ||    39
       Chain mail        |       |    89 |   161 |   173 ||   423
       Plate armour      |       |       |       |   102 ||   102
Dodge: Dodged            |    23 |    24 |    37 |    61 ||   145
Block: Kite shield       |    49 |    77 |   127 |   193 ||   446
